 Dungeon Crawl Stone Soup version 0.17-a0-1497-g03599f7 (webtiles) character file.

146757 urechis the Brawler (level 16, -2/167 HPs)
             Began as a Troll Monk on July 6, 2015.
             Was the Champion of Ru.
             Slain by a tentacle (6 damage)
             ... attached to a kraken
             ... on level 3 of the Shoals.
             The game lasted 02:01:48 (32977 turns).

urechis the Brawler (Troll Monk)                   Turns: 32977, Time: 02:01:49

Health: -2/167     AC: 12    Str: 32    XL:     16   Next: 90%
Magic:  15/15      EV: 17    Int:  8    God:    Ru [******]
Gold:   2571       SH:  0    Dex: 15    Spells: 0 memorised, 15 levels left

rFire  . . .     SeeInvis .       - Unarmed
rCold  . . .     Clarity  +     B - +0 mottled dragon armour
rNeg   . . .     SustAt   .     (no shield)
rPois  .         Gourm    +     (helmet restricted)
rElec  .         Spirit   .     s - +1 cloak
rCorr  .         Warding  .     (gloves unavailable)
rMut   .         Stasis   .     (boots unavailable)
MR     ++...                    I - amulet of clarity
Stlth  ..........               y - +5 ring of strength
                                Q - ring of protection from magic

@: no scrolls, invisible, very resistant to hostile enchantments, extremely
unstealthy
A: unfitting armour, claws 3, thin skeletal structure 1, blink 1, clever 1, fast
metabolism 3, gourmand, regeneration 2, screaming 1, shaggy fur 1, tough skin 2,
inability to read while threatened, no stealth, inability to use devices, hated
by all, no ice magic, no summoning magic, no transmutations magic
a: Blink, Draw Out Power, Power Leap, Apocalypse, Renounce Religion


You were on level 3 of the Shoals.
You worshipped Ru.
Ru was exalted by your worship.
You were very full.

You visited 5 branches of the dungeon, and saw 31 of its levels.
You visited 1 bazaar.

You collected 3337 gold pieces.
You spent 766 gold pieces at shops.

Inventory:

Missiles
 O - 18 large rocks (quivered)
Armour
 s - a +1 cloak (worn)
 B - a +0 mottled dragon armour (worn)
Jewellery
 y - a +5 ring of strength (right claw)
 I - an amulet of clarity (around neck)
 Q - a ring of protection from magic (left claw)
Scrolls
 e - 20 scrolls of remove curse
 f - 9 scrolls of fear
 h - 10 scrolls of fog
 m - a scroll of enchant armour
 v - 10 scrolls of magic mapping
 H - 10 scrolls of teleportation
 M - 7 scrolls of blinking
Potions
 a - a potion of haste
 c - 2 potions of magic
 d - 2 potions of heal wounds
 g - 3 potions of berserk rage
 i - 2 potions of poison {unknown}
 j - 2 potions of flight {unknown}
 o - 6 potions of curing
 t - 2 potions of cancellation
 u - a potion of agility
 z - 2 potions of resistance {unknown}
 A - 2 potions of might {unknown}
 D - 4 potions of brilliance
 K - 2 potions of invisibility
 L - 4 potions of lignification
 N - 2 potions of ambrosia {unknown}
Comestibles
 b - 12 bread rations
 k - 2 chunks of flesh
 l - 17 royal jellies
 q - 11 slices of pizza
 w - a meat ration
 x - 9 beef jerkies
 R - 15 fruits


   Skills:
 + Level 12.5 Fighting
 - Level 14.0 Throwing
 - Level 5.0 Armour
 + Level 12.6 Dodging
 * Level 16.2 Unarmed Combat


You had 15 spell levels left.
You didn't know any spells.

Dungeon Overview and Level Annotations

Branches:
Dungeon (15/15)            Temple (1/1) D:6            Lair (8/8) D:8
 Shoals (3/4) Lair:6        Snake (0/4) Lair:3        Slime (0/6) Lair:6
    Orc (4/4) D:10         Vaults (0/5) D:14         Depths (0/5) D:15
    Elf: Orc:3-4

Altars:
Ashenzari
Cheibriados
Dithmenos
Elyvilon
Fedhas
Gozag
Kikubaaqudgha
Makhleb
Nemelex Xobeh
Okawaru
Qazlal
Ru
Sif Muna
Trog
Vehumet
Xom
Yredelemnul
Zin
The Shining One

Shops:
D:13 (   Orc:2 *%[=   Orc:4 }:([

Annotations:
D:10 exclusions: obsidian statue and orange crystal statue


Innate Abilities, Weirdness & Mutations

You are too large for most types of armour.
You have claws for hands.
Your metabolism is lightning-fast.
You like to eat raw meat.
You heal very quickly.
You occasionally shout uncontrollably at your foes.
You are covered in fur (AC +1).
You have very tough skin (AC +2).
You cannot read scrolls while threatened.
You cannot be stealthy.
You cannot study or use magical devices.
You are hated by all.
You cannot study or cast Ice magic.
You cannot study or cast Summoning magic.
You cannot study or cast Transmutations magic.
You have a somewhat thin skeletal structure (Dex +2, Stealth).
You can translocate small distances at will.
Your mind is acute. (Int +2)


Message History

The tentacle slaps you! The tentacle completely misses you.
You claw the tentacle!
The tentacle is severely wounded.
The tentacle slaps you! The tentacle slaps you!!
You focus your will and illuminate the tentacle in retribution!
The tentacle barely misses you.
The tentacle stops glowing.
The tentacle slaps you!
* * * LOW HITPOINT WARNING * * *
The tentacle slaps you!!
* * * LOW HITPOINT WARNING * * *
The tentacle slaps you but does no damage.
The tentacle is stunned by your will and fails to attack.
You redirect the tentacle's attack!
The tentacle barely misses something.
Drink which item? (? for menu, Esc to quit)
You fade into invisibility!
The tentacle slaps you!!
* * * LOW HITPOINT WARNING * * *
The tentacle slaps you.
You die...

≈.≈≈≈≈≈...≈≈≈≈≈≈≈≈≈≈≈≈≈≈≈≈≈P≈P
≈≈≈≈≈≈...≈≈≈≈≈≈≈≈≈≈≈≈≈≈≈≈PPPP
≈≈≈≈≈≈....≈≈≈≈≈≈≈.≈≈≈≈≈≈≈≈≈≈≈
≈≈≈≈≈.....≈≈≈≈≈≈..≈≈≈≈≈ ≈..≈
.≈≈≈......≈≈≈..≈≈..≈≈. ≈≈≈
.≈≈......≈≈≈.......≈. ≈
≈≈≈....≈≈≈........≈≈ ≈
≈≈.≈≈≈≈≈≈≈........≈ ≈
≈≈≈≈≈≈≈w@≈≈.......≈ ≈
≈≈####*w###≈>.....≈ #**#
##≈....≈≈ ..**. #..≈≈≈≈
#..≈X.. ...≈≈ #..≈≈w≈.. ..≈
...≈≈≈≈≈≈≈. ....≈≈≈≈≈≈..≈
.#...≈≈≈≈≈.##≈


You could see a kraken and 3 tentacles.

Vanquished Creatures
  Maud (Lair:6)
  Nessos (Lair:5)
  A dire elephant (D:15)
  A salamander stormcaller (D:14)
  A fire dragon (D:15)
  A merfolk impaler (Shoals:2)
  8 vault guards
  An ice dragon (Lair:8)
  8 hydras
  A centaur warrior (D:11)
  2 merfolk avatars (Shoals:1)
  5 death yaks (Lair:8)
  2 catoblepae
  2 merfolk aquamancers
  A queen ant (Lair:3)
  6 orc high priests
  2 tengu warriors (D:14)
  3 unseen horrors
  A fire crab (Lair:8)
  2 lindwurms (Lair:8)
  4 sea snakes
  7 hill giants
  Pikel (D:4)
  An orc sorcerer (Orc:1)
  A wolf spider zombie (D:15)
  3 orc knights (Orc:4)
  24 ugly things
  10 harpies (Shoals:1)
  2 wolf spiders (Lair:8)
  6 griffons
  12 fauns
  2 water nymphs
  10 manticores
  6 cyclopes
  4 sirens
  Joseph (D:8)
  17 elephants
  A naga mage (D:15)
  11 black mambas
  A guardian serpent (Lair:8)
  21 spiny frogs
  Psyche (D:8)
  7 torpor snails (Lair:8)
  2 gargoyles
  A kobold demonologist (D:15)
  A queen bee (Lair:2)
  17 komodo dragons
  2 tengu conjurers (D:9)
  4 trolls
  A wind drake (Shoals:1)
  2 giant leeches (Lair:8)
  3 fire drakes
  15 merfolk
  A harpy skeleton (D:14)
  Prince Ribbit (Lair:1)
  A trapdoor spider zombie (D:12)
  The ghost of urechis the Skirmisher, an average OpFi (D:4)
  16 blink frogs
  5 snapping turtles
  A two-headed ogre (D:13)
  10 water elementals
  57 yaks
  A human (D:7)
  2 wraiths
  A vampire (D:15)
  2 deep elf magi
  2 wyverns
  9 hungry ghosts
  4 basilisks
  3 wargs
  9 hippogriffs
  A golden eye (shapeshifter) (D:14)
  Menkaure (D:7)
  3 mottled dragons
  5 vampire mosquitoes (D:13)
  16 wolves
  12 porcupines
  6 soldier ants
  18 water moccasins
  3 spiders (Lair:8)
  A black bear (Lair:4)
  2 sky beasts (D:10)
  6 ice beasts
  42 orc warriors
  An eye of draining (D:13)
  8 wasps
  16 centaurs
  5 phantoms
  10 ogres
  16 crocodiles
  2 big kobolds
  22 giant frogs
  3 brain worms (Lair:8)
  A wyvern zombie (D:11)
  A water moccasin zombie (D:10)
  A scorpion (D:5)
  34 killer bees
  18 wights
  3 electric eels
  10 crimson imps
  12 hounds
  2 centaur skeletons
  17 jellies
  4 centaur zombies
  4 giant frog skeletons
  41 orc priests
  Ijyb (D:2)
  23 worker ants
  Jessica (D:2)
  Natasha (D:4)
  6 iguanas
  25 orc wizards
  25 sheep
  A hound skeleton (D:9)
  3 hound zombies
  A worker ant zombie (D:10)
  22 adders
  102 river rats
  5 shadow imps
  12 white imps (Lair:1)
  An ooze (Lair:6)
  An adder zombie (D:8)
  An adder skeleton (D:5)
  19 worms
  4 giant geckos
  175 orcs
  A ball python (D:2)
  16 bats
  2 bat skeletons
  2 giant cockroaches
  11 goblins
  15 hobgoblins
  17 jackals
  20 kobolds
  6 quokkas
  A giant gecko skeleton (D:4)
  6 giant newts
  2 quokka skeletons
  A quokka zombie (D:10)
  12 rats
  A butterfly (Lair:4)
  A fungus (Lair:8)
  8 plants (Lair:1)
  A tentacle (Shoals:3)
1276 creatures vanquished.

Vanquished Creatures (others)
  A great orb of eyes (D:15)
  A hydra (D:15)
  An orc knight (Orc:4)
  2 fauns (Shoals:2)
  A komodo dragon (Lair:6)
  A troll (D:14)
  A yak (Lair:8)
  An orc priest (D:15)
  An iguana (Lair:5)
  An orc wizard (D:13)
  An adder (Lair:8)
  An ooze (D:4)
  A bush (Lair:8)
  48 fungi
  42 plants
  A tentacle (Shoals:3)
  73 tentacle segments (Shoals:3)
178 creatures vanquished.

Grand Total: 1454 creatures vanquished

Notes
Turn   | Place    | Note
--------------------------------------------------------------
     0 | D:1      | urechis the Troll Monk began the quest for the Orb.
     0 | D:1      | Reached XP level 1. HP: 22/22 MP: 0/0
   142 | D:1      | Reached XP level 2. HP: 29/29 MP: 1/1
   845 | D:2      | Noticed Ijyb
   855 | D:2      | Killed Ijyb
   855 | D:2      | Reached skill level 5 in Unarmed Combat
   855 | D:2      | Reached XP level 3. HP: 36/36 MP: 2/2
   873 | D:2      | Found a burning altar of Makhleb.
   909 | D:2      | Reached XP level 4. HP: 42/44 MP: 3/3
   988 | D:2      | Found an iron altar of Okawaru.
  1107 | D:2      | Reached skill level 6 in Unarmed Combat
  1258 | D:2      | Noticed Jessica
  1265 | D:2      | Killed Jessica
  1265 | D:2      | Reached XP level 5. HP: 47/50 MP: 4/4
  1699 | D:3      | Reached skill level 7 in Unarmed Combat
  1755 | D:3      | Found an iron altar of Okawaru.
  2086 | D:4      | Reached XP level 6. HP: 53/59 MP: 5/5
  2197 | D:4      | Noticed a slave
  2199 | D:4      | Noticed a slave
  2200 | D:4      | Noticed a slave
  2200 | D:4      | Noticed a slave
  2201 | D:4      | Noticed Pikel
  2213 | D:4      | Killed Pikel
  2213 | D:4      | Reached skill level 9 in Unarmed Combat
  2213 | D:4      | Reached XP level 7. HP: 19/66 MP: 6/6
  2481 | D:4      | Noticed urechis's ghost (average OpFi)
  2498 | D:4      | Killed urechis's ghost
  2543 | D:4      | Noticed Natasha
  2550 | D:4      | Killed Natasha
  2550 | D:4      | Reached skill level 10 in Unarmed Combat
  2997 | D:5      | Entered Level 5 of the Dungeon
  3078 | D:5      | Reached XP level 8. HP: 67/74 MP: 7/7
  3164 | D:5      | Reached skill level 1 in Throwing
  3269 | D:5      | Found a white marble altar of Elyvilon.
  3721 | D:6      | Found a staircase to the Ecumenical Temple.
  3740 | Temple   | Entered the Ecumenical Temple
  4013 | Temple   | Became a worshipper of Ru the Awakened
  4018 | Temple   | Gained mutation: You occasionally shout uncontrollably at your foes. [Ru sacrifice]
  4062 | D:6      | Found a sparkling altar of Nemelex Xobeh.
  4202 | D:6      | Reached XP level 9. HP: 64/84 MP: 8/8
  4267 | D:6      | Found a basalt altar of Yredelemnul.
  4299 | D:6      | Found a stormy altar of Qazlal.
  4473 | D:6      | Found an ancient bone altar of Kikubaaqudgha.
  5010 | D:7      | Noticed Menkaure
  5010 | D:7      | Reached skill level 5 in Dodging
  5023 | D:7      | Killed Menkaure
  5023 | D:7      | Reached skill level 5 in Fighting
  5191 | D:7      | Gained mutation: You cannot read scrolls while threatened. [Ru sacrifice]
  5191 | D:7      | Acquired Ru's first power
  5191 | D:7      | Acquired Ru's second power
  5342 | D:7      | Reached skill level 5 in Throwing
  5920 | D:8      | Reached XP level 10. HP: 57/98 MP: 9/9
  6234 | D:8      | Noticed Psyche
  6241 | D:8      | Killed Psyche
  6312 | D:8      | Found a staircase to the Lair.
  6319 | D:8      | Noticed Joseph
  6333 | D:8      | Killed Joseph
  7469 | D:8      | Found a shimmering altar of Xom.
  7536 | D:9      | Found an opulent altar of Gozag.
  7592 | D:9      | Gained mutation: You cannot be stealthy. [Ru sacrifice]
  8640 | D:10     | Entered Level 10 of the Dungeon
  8684 | D:10     | Reached XP level 11. HP: 56/109 MP: 10/10
  8786 | D:10     | Noticed an obsidian statue
  8811 | D:10     | Found a staircase to the Orcish Mines.
  8984 | D:10     | Noticed a hill giant
  9029 | D:10     | Killed a hill giant
  9441 | D:11     | Gained mutation: You cannot study or use magical devices. [Ru sacrifice]
  9441 | D:11     | Acquired Ru's third power
  9441 | D:11     | Acquired Ru's fourth power
  9441 | D:11     | Acquired Ru's fifth power
  9700 | D:11     | Noticed a hill giant
  9715 | D:11     | Killed a hill giant
  9888 | D:11     | Noticed a hill giant
  9892 | D:11     | Killed a hill giant
  9893 | D:11     | Noticed a centaur warrior
  9912 | D:11     | Killed a centaur warrior
 10783 | D:12     | Noticed an eight-headed hydra
 10937 | D:12     | Reached skill level 11 in Unarmed Combat
 11170 | D:12     | Noticed an unseen horror
 11207 | D:12     | Killed an eight-headed hydra
 11214 | D:12     | Killed an unseen horror
 11214 | D:12     | Reached XP level 12. HP: 110/122 MP: 11/11
 11696 | Lair:1   | Entered Level 1 of the Lair of Beasts
 11764 | Lair:1   | Noticed Prince Ribbit
 11904 | Lair:1   | Gained mutation: You are hated by all. [Ru sacrifice]
 12169 | Lair:1   | Found a frozen archway.
 12746 | Lair:1   | Killed Prince Ribbit
 13126 | Lair:2   | Reached skill level 12 in Unarmed Combat
 13321 | Lair:2   | Found a labyrinth entrance.
 13711 | Lair:3   | Gained mutation: You cannot study or cast Ice magic. [Ru sacrifice]
 13711 | Lair:3   | Gained mutation: You cannot study or cast Transmutations magic. [Ru sacrifice]
 13711 | Lair:3   | Gained mutation: You cannot study or cast Summoning magic. [Ru sacrifice]
 13756 | Lair:3   | Reached skill level 10 in Dodging
 13827 | Lair:3   | Reached skill level 10 in Fighting
 14075 | Lair:3   | Reached XP level 13. HP: 109/133 MP: 12/12
 14204 | Lair:3   | Found a staircase to the Snake Pit.
 14204 | Lair:3   | Noticed a four-headed hydra
 14214 | Lair:3   | Killed an eight-headed hydra
 14905 | Lair:3   | Noticed a four-headed hydra
 15805 | Lair:3   | Killed a seven-headed hydra
 16385 | Lair:5   | Noticed Nessos
 16390 | Lair:5   | Killed Nessos
 16394 | Lair:5   | Reached skill level 10 in Throwing
 16606 | Lair:5   | Reached skill level 13 in Unarmed Combat
 17205 | Lair:6   | Noticed Maud
 17229 | Lair:6   | Killed Maud
 17445 | Lair:6   | Found a staircase to the Shoals.
 18124 | Lair:6   | Found a staircase to the Slime Pits.
 18625 | Lair:7   | Reached XP level 14. HP: 115/144 MP: 13/13
 19201 | Lair:7   | Reached skill level 14 in Unarmed Combat
 19220 | Lair:7   | HP: 7/146 [poisoned by a black mamba]
 19225 | Lair:7   | HP: 6/146 [poisoned by a black mamba]
 19230 | Lair:7   | HP: 7/146 [poisoned by a black mamba]
 19235 | Lair:7   | HP: 7/146 [poisoned by a black mamba]
 19621 | Lair:8   | Entered Level 8 of the Lair of Beasts
 21060 | Lair:8   | HP: 3/146 [torpor snail (17)]
 21432 | Lair:8   | Found a runed door.
 21601 | Lair:8   | Reached skill level 15 in Unarmed Combat
 21601 | Lair:8   | Reached XP level 15. HP: 89/156 MP: 14/14
 22765 | Orc:1    | Entered Level 1 of the Orcish Mines
 22974 | Orc:2    | Found Leivulae's Food Shop.
 22983 | Orc:2    | Found Mohi's Armour Boutique.
 23042 | Orc:2    | Found Fehin's Jewellery Emporium.
 23361 | Orc:2    | Found Zimn's Assorted Antiques.
 23394 | Orc:2    | Bought 2 metallic puce potions for 48 gold pieces
 23394 | Orc:2    | Bought a potion of heal wounds for 135 gold pieces
 23394 | Orc:2    | Bought a green potion for 24 gold pieces
 23394 | Orc:2    | Bought a potion of heal wounds for 135 gold pieces
 23394 | Orc:2    | Bought 2 potions of curing for 162 gold pieces
 23931 | Orc:4    | Entered Level 4 of the Orcish Mines
 24582 | Orc:4    | HP: 2/156 [orc priest/divine providence (9)]
 24589 | Orc:4    | HP: 2/156 [orc warrior/halberd (10)]
 25026 | Orc:4    | Found Jyxi's Book Shop.
 25029 | Orc:4    | Found Osubithri's Antique Weapon Boutique.
 25030 | Orc:4    | Found Jyttat's Gadget Shop.
 25031 | Orc:4    | Found Vizun's Armour Shop.
 25971 | D:13     | Found a deep blue altar of Sif Muna.
 26197 | D:13     | Found Heonick's Antique Weapon Emporium.
 26857 | D:14     | Found a shimmering altar of Xom.
 26859 | D:14     | Found a gate to the Vaults.
 28660 | D:15     | Entered Level 15 of the Dungeon
 28857 | D:14     | Reached XP level 16. HP: 133/166 MP: 15/15
 29055 | D:15     | Found a shadowy altar of Dithmenos.
 29179 | D:15     | Reached skill level 1 in Armour
 29430 | D:15     | Found a staircase to the Depths.
 30365 | Shoals:1 | Entered Level 1 of the Shoals
 30365 | Shoals:1 | Found a bloodstained altar of Trog.
 30796 | Shoals:1 | Reached skill level 16 in Unarmed Combat
 30968 | Shoals:1 | Found a radiant altar of Vehumet.
 32049 | Shoals:2 | Found a flickering gateway to a bazaar.
 32066 | Bazaar   | Entered a bazaar
 32066 | Bazaar   | Found Micsas's Antique Armour Shoppe.
 32073 | Bazaar   | Found Byapun's Assorted Antiques.
 32079 | Bazaar   | Found Iwucoiw's Gadget Shoppe.
 32091 | Bazaar   | Found Zohad's Antique Weapon Boutique.
 32136 | Bazaar   | Found Cutzotun's Magic Scroll Shoppe.
 32142 | Bazaar   | Bought a scroll of teleportation for 30 gold pieces
 32142 | Bazaar   | Bought a scroll of identify for 20 gold pieces
 32142 | Bazaar   | Bought a scroll of identify for 20 gold pieces
 32142 | Bazaar   | Bought a scroll of blinking for 75 gold pieces
 32142 | Bazaar   | Bought a scroll of fog for 20 gold pieces
 32142 | Bazaar   | Bought a scroll of identify for 20 gold pieces
 32142 | Bazaar   | Bought a scroll of identify for 20 gold pieces
 32158 | Bazaar   | Bought a scroll of teleportation for 57 gold pieces
 32163 | Bazaar   | Gained mutation: You have a somewhat thin skeletal structure (Dex +2, Stealth). [potion of beneficial mutation]
 32164 | Bazaar   | Gained mutation: Your mind is acute. (Int +2) [potion of beneficial mutation]
 32165 | Bazaar   | Gained mutation: You can translocate small distances at will. [potion of beneficial mutation]
 32339 | Shoals:2 | Reached skill level 5 in Armour
 32977 | Shoals:3 | HP: 4/167 [tentacle[a kraken] (22)]
 32977 | Shoals:3 | Slain by a tentacle

Vault maps used:
D:1:      dpeg_arrival_rooms_a
D:2:      lemuel_doored_altar, okawaru_ov_weapons_minmay, uniq_jessica,
          uniq_iyjb
D:3:      overflow_temple_1_default
D:4:      first_bread, uniq_pikel, uniq_natasha
D:5:      elyvilon_altar_4
D:6:      kennysheep_mini, yredelemnul_altar_generic, old_standard_altar,
          minmay_temple_entry_junction2, nicolae_qazlal_style_of_elements
D:7:      grunt_livestock, uniq_menkaure
D:8:      lemuel_coloured_pillars_altar, lair_0_dummy, nrook_mini_vaults,
          nicolae_underground_beach, uniq_psyche, uniq_joseph
D:9:      grunt_gozag_breadcrumbs
D:10:     david_greed
D:13:     basic_altar, serial_shops, shop
D:14:     erik_vaults_2, basic_altar
D:15:     hangedman_depths_entry_try_elsewhere_first,
          grunt_dithmenos_smoke_and_mirrors, grunt_ministairs_8,
          item_on_display_a
Temple:   triangle_lava_temple_12
Lair:1:   portal_ice_cave_entry_imps, serial_forest, infiniplex_forest_end_3,
          infiniplex_forest_end_3, infiniplex_forest_lined_corner,
          infiniplex_forest_clump_medium, bh_autumn_forest_stairs,
          serial_bayou_shore_b, uniq_prince_ribbit2
Lair:2:   lab_entry_generic, infiniplex_staircase_pool
Lair:3:   dummy_snake_entry, wad_woods_antlair
Lair:4:   grunt_megastairs_2, lemuel_fruit_fields, lemuel_fruit_tree
Lair:5:   uniq_nessos
Lair:6:   minmay_shoals_entry_centaurs, minmay_slime_entry_jelly_boxes,
          serial_bayou_shore_a, uniq_maud
Lair:8:   hangedman_lair_tendril_chambers, wormcave
Shoals:1: hangedman_feature_mirror
Shoals:2: serial_shops, bzr_entry_lakeside
Shoals:3: nicolae_shoals_kraken_intersection
Orc:2:    serial_shops, shop, nicolae_shop_trees, nicolae_shop_trees,
          shop_statue
Orc:3:    nicolae_orc_pool_cavern
Orc:4:    st_orc_pillars
Bazaar:   bazaar_kb_twisted_cavern

Action                   |  1- 3 |  4- 6 |  7- 9 | 10-12 | 13-15 | 16-18 || total
-------------------------+-------+-------+-------+-------+-------+-------++-------
Melee: Unarmed           |    68 |   136 |   302 |   998 |  1807 |   483 ||  3794
Throw: Large rock        |       |       |       |    14 |    34 |    10 ||    58
       Tomahawk          |       |       |       |       |    36 |       ||    36
Invok: Sacrifice Purity  |       |       |     1 |       |       |       ||     1
       Sacrifice Words   |       |       |     1 |       |       |       ||     1
       Sacrifice Stealth |       |       |       |     1 |       |       ||     1
       Sacrifice Artific |       |       |       |     1 |       |       ||     1
       Sacrifice Love    |       |       |       |     1 |       |       ||     1
       Sacrifice Arcana  |       |       |       |     1 |       |       ||     1
       Apocalypse        |       |       |       |       |     1 |       ||     1
 Abil: Blink             |       |       |       |       |       |     1 ||     1
  Use: Scroll            |       |       |     1 |    13 |     7 |     8 ||    29
       Potion            |       |       |       |     7 |    14 |     4 ||    25
 Stab: Sleeping          |       |     1 |     5 |       |       |       ||     6
       Invisible         |       |       |     1 |    17 |    30 |    18 ||    66
       Paralysed         |       |       |       |    25 |    44 |    10 ||    79
       Distracted        |       |       |       |     3 |     5 |     1 ||     9
       Petrified         |       |       |       |       |     1 |       ||     1
  Eat: Chunk             |     3 |    17 |    35 |    81 |   121 |    42 ||   299
       Pizza             |     1 |       |       |       |       |       ||     1
       Fruit             |       |       |     1 |     1 |       |       ||     2
       Meat ration       |       |       |       |     1 |     2 |       ||     3
